 Dungeon Crawl Stone Soup version 0.29.1-1-gd02db6906a (webtiles) character file.

Game seed: 3502797672740931225

322 RogueRain17 the Ducker (level 6, -1/36 HPs)
             Began as a Djinni Monk on Sept 21, 2022.
             Slain by a centaur (6 damage)
             ... on level 4 of the Dungeon.
             The game lasted 00:09:56 (3820 turns).

RogueRain17 the Ducker (Djinni Monk)                Turns: 3820, Time: 00:09:57

Health: -1/36      AC:  2    Str: 10    XL:     6   Next: 76%
Gold:   277        EV: 14    Int: 13    God:
                   SH:  0    Dex: 16

rFire   + + .      SeeInvis .   a - +0 spear
rCold   x . .      Faith    .   f - orb {light}
rNeg    . . .      Spirit   .   b - +0 robe
rPois   ∞          Reflect  .   (no helmet)
rElec   .          Harm     .   (no cloak)
rCorr   .          Rampage  .   (no gloves)
Will    .....                   (boots unavailable)
Stlth   +.........              r - amulet of regeneration
HPRegen 0.92/turn               (no ring)
MPRegen 0.00/turn               (no ring)

@: wereblooded, flying, glowing
A: sickness immunity, fire resistance 2, cold vulnerability 1, float, innate
caster, HP casting, extra vitality 1, frail 2, wild magic 1
a: no special abilities


You were on level 4 of the Dungeon.
You visited 1 branch of the dungeon, and saw 4 of its levels.
You also visited: Sewer.

You collected 277 gold pieces.

Inventory:

Hand Weapons
 a - a +0 spear (weapon)
Armour
 b - a +0 robe (worn)
 f - an orb of light (worn)
Jewellery
 r - an amulet of regeneration (around neck)
 s - an amulet of the acrobat
Wands
 h - a wand of charming (2)
Scrolls
 e - a scroll of butterflies {unknown}
 g - a scroll of noise {unknown}
 i - 6 scrolls of teleportation {unknown}
 k - 3 scrolls of amnesia {unknown}
 l - a scroll of identify {unknown}
 m - a scroll of silence {unknown}
 n - 3 scrolls of blinking {unknown}
 p - a scroll of magic mapping {unknown}
 t - 2 scrolls of immolation {unknown}
Potions
 c - 2 potions of mutation
 d - 2 potions of lignification
 j - a potion of degeneration {unknown}
 o - 2 potions of might {unknown}
 q - a potion of haste {unknown}
 u - a potion of heal wounds


   Skills:
 - Level 3.0 Fighting
 * Level 4.5 Polearms
 + Level 4.8 Dodging
 - Level 1.5 Stealth
 + Level 1.8 Spellcasting


You had 5 spell levels left.
You knew the following spells:

 Your Spells              Type           Power      Damage    Failure   Level
a - Slow                  Hex            28%        N/A       17%         1
b - Wereblood             Tmut           7%         N/A       26%         2
Your spell library was empty.

Dungeon Overview and Level Annotations

Branches:
Dungeon (4/15)              Sewer (visited)
 Temple: D:4-7

Altars:
Nemelex Xobeh

Shops:
D:2 (


Innate Abilities, Weirdness & Mutations

You are immune to sickness and miasma.
You are immune to poison.
Your flesh is very heat resistant. (rF++)
You are vulnerable to cold. (rC-)
You float through the air rather than walking.
You learn spells naturally, not from books.
Your magical power is your life essence.
You have superior vitality. (+4 MHP)
You are very frail. (-20% HP)
Your spells are a little harder to cast, but a little more powerful.


Message History

The centaur shoots an arrow.
The arrow hits you.
You hear a shout!
You hit the adder.
The adder is severely wounded.
The adder closely misses you.
You closely miss the adder.
The adder is severely wounded.
The adder barely misses you. The adder bites you but does no damage.
Your magical contamination has completely faded away.
You closely miss the adder.
The adder is severely wounded.
The adder barely misses you.
You hit the adder.
You feel a bit better.
You kill the adder!
The centaur shoots an arrow.
The arrow closely misses you.
You howl as the wereblood boils in your veins!
The ogre shouts!
The centaur unwields a +0 shortbow.
The centaur closely misses you. The centaur completely misses you.
A dart slug comes into view.
The hobgoblin hits you. The centaur hits you. The centaur kicks you.
You see here an adder corpse.
You hit the hobgoblin.
The hobgoblin is heavily wounded.
You howl as the wereblood boils in your veins!
The centaur hits you. The centaur barely misses you. The hobgoblin hits you.
* * * LOW HITPOINT WARNING * * *
You hit the hobgoblin.
You feel a bit better.
You kill the hobgoblin!
The centaur hits you.
* * * LOW HITPOINT WARNING * * *
The centaur kicks you.
* * * LOW HITPOINT WARNING * * *
Unknown command.
You hit the centaur.
The centaur is lightly wounded.
The centaur completely misses you. The centaur kicks you.
* * * LOW HITPOINT WARNING * * *
The centaur hits you.
You die...

#...##### #####
#..##...## ##...##
#..#.....#####.....#
#..#..........†....#
#..#.....#####.....#
#..##.†.##...##...##
#..###.##c.5..##†##
#...##.# O.....#@#
##...')# ..w..S'c#
##.###.# ......#.#
...# #.# .....##.#
##.# ... #...# ...
...# ....#### ...
##.# ..... .....
###.....## .....
..## ##...##


You could see a centaur, an adder and a dart slug.

Vanquished Creatures
  Pargi (Sewer)
  A hound (D:4)
  Robin (D:4)
  4 gnolls
  3 adders
  An ufetubus (D:4)
  An adder skeleton (D:2)
  A worm (D:2)
  A dart slug (D:1)
  5 orcs (D:4)
  5 bats
  A bat skeleton (D:2)
  2 bat zombies (D:2)
  2 endoplasms
  9 giant cockroaches
  15 goblins
  8 hobgoblins
  10 jackals
  3 kobolds
  2 quokkas
  8 ball pythons
  4 ball python skeletons (D:2)
  2 ball python zombies (D:2)
  A frilled lizard (D:2)
  2 giant cockroach zombies (D:2)
  A quokka skeleton (D:2)
  2 quokka zombies (D:2)
  8 rats
104 creatures vanquished.

Vanquished Creatures (others)
  5 plants (D:4)
  A withered plant (D:2)
6 creatures vanquished.

Grand Total: 110 creatures vanquished

Notes
Turn   | Place    | Note
-------+----------+-------------------------------------------
     0 | D:1      | RogueRain17 the Djinni Monk began the quest for the Orb.
     0 | D:1      | Reached XP level 1. HP: 20/20 MP: 0/0
   147 | D:1      | Reached XP level 2. HP: 14/25 MP: 0/0
   435 | D:1      | Reached XP level 3. HP: 30/30 MP: 0/0
   435 | D:1      | Learned a level 1 spell: Slow
   462 | D:1      | Noticed a floating eye
   464 | D:1      | Found a faded altar of an unknown god.
   465 | D:1      | Noticed a great orb of eyes
   465 | D:1      | Noticed an eye of devastation
   465 | D:1      | Noticed a golden eye
   872 | D:2      | Found Somiom's Weapon Shop.
  1191 | D:2      | Reached XP level 4. HP: 12/35 MP: 0/0
  2479 | D:3      | Reached XP level 5. HP: 22/40 MP: 0/0
  2479 | D:3      | Learned a level 2 spell: Wereblood
  2713 | D:3      | Found a glowing drain.
  2722 | Sewer    | Entered a sewer
  2740 | Sewer    | Reached skill level 1 in Spellcasting
  2792 | Sewer    | Noticed Pargi
  2811 | Sewer    | Gained mutation: You are frail. (-10% HP) [potion of
                  | mutation]
  2811 | Sewer    | Gained mutation: You are very frail. (-20% HP) [potion of
                  | mutation]
  2811 | Sewer    | Gained mutation: Your spells are a little harder to cast,
                  | but a little more powerful. [potion of mutation]
  2832 | Sewer    | Killed Pargi
  2833 | Sewer    | Reached XP level 6. HP: 36/36 MP: 0/0
  3287 | D:3      | Found a sparkling altar of Nemelex Xobeh.
  3630 | D:4      | Noticed Robin
  3646 | D:4      | Killed Robin
  3802 | D:4      | Noticed an ogre
  3820 | D:4      | Slain by a centaur

Illustrated notes

Levels and vault maps discovered:
D:1:      psy_arrival_basics, layout_loops_ring,
          hellmonk_ecumenical_altar_watching_god, chequers_garden
D:2:      layout_basic, serial_shops, shop, serial_undead, serial_undead_d,
          serial_undead_f, serial_undead_d, serial_undead_f, serial_undead_e,
          serial_undead_f, serial_undead_e, serial_undead_f, serial_undead_a,
          serial_undead_a, kennysheep_path_1, minmay_worlds_worst_comb
D:3:      layout_basic, nemelex_xobeh_ov_fountains_minmay,
          cheibrodos_sewer_entry_drain
D:4:      minmay_octagon_keep, layout_basic, nicolae_grassy_gnolls, uniq_robin

Skill      XL: |  1  2  3  4  5 |
---------------+----------------+-----
Polearms       | 3 4 |  4.5
Dodging        | 4 |  4.8
Spellcasting   | 1 |  1.8
Fighting       | |  3.0
Stealth        | |  1.5

Action                   |  1- 3 |  4- 6 || total
-------------------------+-------+-------++-------
Melee: Spear             |    86 |   331 ||   417
 Cast: Slow              |     2 |    13 ||    15
       Wereblood         |       |     3 ||     3
  Use: Potion            |       |     5 ||     5
 Stab: Sleeping          |     1 |     2 ||     3
Armor: Robe              |     8 |    42 ||    50
       Skin              |       |    46 ||    46
Dodge: Dodged            |    61 |   239 ||   300
